[Event "Late-Titled-Tuesday-Blitz-January-16-2024"]
[Site "Chess.com"]
[Date "2024.01.16"]
[Round "1"]
[White "GAusal"]
[Black "Caterpiller35"]
[Result "0-1"]
[WhiteElo "2289"]
[BlackElo "2625"]
[TimeControl "180+1"]
[EndTime "14:05:14 PST"]
[Termination "Caterpiller35 won by resignation"]

1. d4 Nf6 2. Nf3 e6 3. Bg5 c5 4. e3 b6 5. c3 Bb7 6. Nbd2 Be7 7. Be2 O-O 8. O-O cxd4 9. exd4 Nd5 10. Bxe7 Qxe7 11.
Re1 d6 12. Bd3 Nd7 13. c4 Nf4 14. Bf1 d5 15. g3 Ng6 16. b3 dxc4 17. Nxc4 Rfd8 18.
Bg2 Rac8 19. Qe2 Nf6 20. Rad1 Nd5 21. Nce5 Nc3 22. Qd3 Nxd1 23. Nxg6 hxg6 24. Qxd1 Bd5 25. Qe2 Qb7 26. Nh4 Bxg2 27. Nxg2 Qd5 28. Rd1 e5 29. Ne3 Qe4 30. d5 Rc5 31. Qa6 Rd7 32. b4 Qxb4 33. Qe2 f5 34. h4 f4 35. Ng4 Rcxd5 36. Rxd5 Rxd5 37. Nxe5 fxg3 38. f4 Qxf4 39. Nxg6 Rd1+ 40. Kg2 Qf2+ 41. Qxf2 gxf2 42. Kxf2 Rd2+ 43. Ke3 Rxa2 44. Ne7+ Kf7 45. Nc6 a5 46. h5 a4 0-1

[Event "Late-Titled-Tuesday-Blitz-January-16-2024"]
[Site "Chess.com"]
[Date "2024.01.16"]
[Round "1"]
[White "Mariia89"]
[Black "nindjaxx8"]
[Result "0-1"]
[WhiteElo "2194"]
[BlackElo "2576"]
[TimeControl "180+1"]
[EndTime "14:05:16 PST"]
[Termination "nindjaxx8 won on time"]

1. d4 d5 2. c4 e6 3. Nc3 Nf6 4. Nf3 Be7 5. Bg5 O-O 6. e3 b6 7. cxd5 Nxd5 8. Bxe7 Nxe7 9. Bd3 Nd7 10. O-O Bb7 11.
e4 c5 12. Qe2 cxd4 13. Nxd4 Nc5 14. Ncb5 e5 15. Bc4 exd4 16. Rad1 Ng6 17. Rxd4 Qg5 18. Nd6 Bc6 19. Qf3 Ne5 20. Qf5 Qxf5 21. Nxf5 Nxc4 22.
Ne7+ Kh8 23. Nxc6 Nxb2 24. Rb1 Nbd3 25. g3 Rfc8 26. Ne7 Rd8 0-1

[Event "Late-Titled-Tuesday-Blitz-January-16-2024"]
[Site "Chess.com"]
[Date "2024.01.16"]
[Round "1"]
[White "danshev16"]
[Black "LevonAronian"]
[Result "0-1"]
[WhiteElo "2524"]
[BlackElo "3104"]
[TimeControl "180+1"]
[EndTime "14:05:19 PST"]
[Termination "LevonAronian won by resignation"]

1. d3 d5 2. c3 e5 3. Nd2 c5 4. h3 Nc6 5. g4 h5 6. Bg2 hxg4 7.
hxg4 Rxh1 8. Bxh1 Be6 9. e4 d4 10. Nf1 dxc3 11. bxc3 c4 12. Ne3 Qxd3 13. Qxd3 cxd3 14.
Nd5 O-O-O 15. g5 Bc5 16. Nf3 Nge7 17. c4 Rh8 18. Bg2 Bh3 19. Kf1 Ng6 20. Be3 Bxe3 21. fxe3 Bxg2+ 22. Kxg2 Nh4+ 23. Nxh4 Rxh4 24. Kf3 Rh2 25.
Rd1 Rxa2 26. Rxd3 Rc2 27. g6 fxg6 28. Rd1 Rxc4 29. Rg1 b5 30. Rxg6 b4 31. Rxg7 b3 32. Rg1 b2 33. Rb1 Rc2 34. Kg4 Kb7 35.
Kf5 a5 36. Nc3 Rxc3 37. Rxb2+ Kc7 38. Re2 a4 39. Ke6 a3 40. Ra2 Rxe3 41. Kd5 Nb4+ 0-1

[Event "Late-Titled-Tuesday-Blitz-January-16-2024"]
[Site "Chess.com"]
[Date "2024.01.16"]
[Round "1"]
[White "Felix-Rose"]
[Black "NMJeevanK"]
[Result "0-1"]
[WhiteElo "2239"]
[BlackElo "2590"]
[TimeControl "180+1"]
[EndTime "14:05:20 PST"]
[Termination "NMJeevanK won on time"]

1. e4 g6 2. d4 d6 3. Nc3 Bg7 4. Nf3 Nf6 5. h3 O-O 6. Be3 Nc6 7. Be2 e5 8. O-O exd4 9. Nxd4 Re8 10. Nxc6 bxc6 11. Bf3 Nd7 12. g3 Ne5 13. Bg2 Nc4 14. Bc1 Rb8 15. Na4 Ba6 16. Re1 Nxb2 17. Bxb2 Bxb2 18. Nxb2 Rxb2 19. e5 dxe5 20. Qc1 Qd4 21.
Bxc6 Reb8 22. Bg2 Qc3 23. Re3 Qxc2 24. Qxc2 Rxc2 25. Rxe5 Rbb2 26. Rf1 Bxf1 0-1

[Event "Late-Titled-Tuesday-Blitz-January-16-2024"]
[Site "Chess.com"]
[Date "2024.01.16"]
[Round "1"]
[White "zverr1"]
[Black "Beca95"]
[Result "0-1"]
[WhiteElo "2508"]
[BlackElo "2966"]
[TimeControl "180+1"]
[EndTime "14:05:21 PST"]
[Termination "Beca95 won by checkmate"]

1. e4 e5 2. Nf3 Nc6 3. Bc4 Nf6 4. Ng5 d5 5. exd5 b5 6. Bf1 Nxd5 7. Bxb5 Bb7 8. d4 exd4 9. Qxd4 Qd7 10. Bxc6 Qxc6 11. Nf3 O-O-O 12. O-O Bc5 13. Qg4+ Kb8 14. Nc3 h5 15.
Qf5 g6 16. Qh3 f6 17. Nxd5 Rxd5 18. Be3 g5 19. Qg3 Bd6 20. Qh3 g4 21. Qh4 gxf3 22. g3 Qd7 23. Qxf6 Qh3 24. Qxh8+ Bc8 25. Bxa7+ Kb7 26.
Kh1 Qg2# 0-1

[Event "Late-Titled-Tuesday-Blitz-January-16-2024"]
[Site "Chess.com"]
[Date "2024.01.16"]
[Round "1"]
[White "diamonds13"]
[Black "sofaceindisguise"]
[Result "0-1"]
[WhiteElo "2344"]
[BlackElo "2653"]
[TimeControl "180+1"]
[EndTime "14:05:21 PST"]
[Termination "sofaceindisguise won by resignation"]

1. d4 Nf6 2. c4 g6 3. Nc3 Bg7 4. e4 O-O 5. Be2 d6 6. Be3 e5 7. d5 Na6 8. h4 Nc5 9. Qc2 a5 10.
f3 Nh5 11. g4 Nf4 12. Bf1 h5 13. g5 f6 14. Bxf4 exf4 15. Nh3 Bxh3 16. Bxh3 fxg5 17. hxg5 a4 18. Rg1 Be5 19. Ke2 c6 20. Rad1 Qa5 21.
a3 Qa6 22. Na2 Nb3 23. Nb4 Qb6 24. Be6+ Kg7 25. dxc6 bxc6 26. c5 Nxc5 27. Ba2 h4 28. Rg4 h3 29. Rh4 Rh8 30. Rxh8 Rxh8 31. Qc4 Qb5 32.
Qxb5 cxb5 33. Nd3 Nxd3 34. Kxd3 h2 35. Rh1 Bxb2 36. Bd5 Bxa3 37. Bc6 Bc5 38. Bxb5 a3 39. Bc4 Bg1 40. Kc2 Rh5 41. Kb3 Rxg5 42. Kxa3 Rg3 43.
Be2 Rg2 44. Bf1 Rf2 45. Bc4 Rxf3+ 46. Kb4 Re3 47. Bd5 f3 48. e5 dxe5 0-1

[Event "Late-Titled-Tuesday-Blitz-January-16-2024"]
[Site "Chess.com"]
[Date "2024.01.16"]
[Round "1"]
[White "gmpeter008"]
[Black "MITerryble"]
[Result "0-1"]
[WhiteElo "2516"]
[BlackElo "3026"]
[TimeControl "180+1"]
[EndTime "14:05:22 PST"]
[Termination "MITerryble won by resignation"]

1. d4 e6 2. e4 d5 3. exd5 exd5 4. Bd3 Nc6 5. c3 Bd6 6. Nf3 Bg4 7. Be3 Nge7 8. Nbd2 Qd7 9. Qc2 Bf5 10. O-O-O O-O-O 11. Bg5 f6 12. Bh4 Bxd3 13. Qxd3 Qf5 14. Qxf5+ Nxf5 15. Bg3 g5 16. Rde1 Kd7 17. Re2 Rde8 18. Rhe1 Rxe2 19.
Rxe2 h5 20. Nb3 b6 21. Kd2 Bf8 22. h4 g4 23. Ne1 Nxg3 24. fxg3 Bd6 25. Rf2 Rh6 26.
Nd3 Bxg3 27. Rf5 Ne7 28. Rf1 Bxh4 29. Ke2 Bg3 30. Nf4 h4 31. Nc1 0-1

[Event "Late-Titled-Tuesday-Blitz-January-16-2024"]
[Site "Chess.com"]
[Date "2024.01.16"]
[Round "1"]
[White "Vegan4future"]
[Black "alexrustemov"]
[Result "1-0"]
[WhiteElo "2484"]
[BlackElo "2843"]
[TimeControl "180+1"]
[EndTime "14:05:26 PST"]
[Termination "Vegan4future won on time"]

1. e4 e6 2. Nf3 d5 3. Nc3 dxe4 4. Nxe4 Bd7 5. d4 Bc6 6. Bd3 Nd7 7. O-O Ngf6 8. Re1 Be7 9. c3 O-O 10. h3 b6 11. Bf4 Nxe4 12. Bxe4 Bxe4 13. Rxe4 c5 14.
Qc2 Nf6 15. Re2 c4 16. Bg5 h6 17. Bh4 Rc8 18. Ne5 Nd5 19. Bxe7 Qxe7 20. Rae1 b5 21. a3 a5 22. Re4 b4 23. axb4 axb4 24. Rg4 bxc3 25. bxc3 Qa3 26. Rg3 Rc7 27. Qe4 f5 28.
Qh4 Rf6 29. Ng6 Kh7 30. Nf4 Nxf4 31. Qxf4 Rb7 32. Rxe6 Rbf7 33. Rxf6 Rxf6 34. Qc7 Rg6 35. Qxc4 Qc1+ 36. Kh2 Qd2 37. Rxg6 Kxg6 38. Qe6+ Kg5 39. Qe3+ 1-0

[Event "Late-Titled-Tuesday-Blitz-January-16-2024"]
[Site "Chess.com"]
[Date "2024.01.16"]
[Round "1"]
[White "PepeCuenca"]
[Black "Nick12772"]
[Result "1-0"]
[WhiteElo "2683"]
[BlackElo "2356"]
[TimeControl "180+1"]
[EndTime "14:05:26 PST"]
[Termination "PepeCuenca won by resignation"]

1. d4 Nf6 2. Bf4 g6 3. Nc3 d5 4. e3 Bg7 5. h4 h5 6. Nf3 Bg4 7. Nb5 Na6 8. Be2 c6 9. Nc3 Nb8 10. Ne5 Bxe2 11. Qxe2 Nbd7 12. O-O-O Nxe5 13. Bxe5 Qa5 14. Kb1 O-O-O 15. f3 Rdg8 16. Qd3 Nd7 17. Bxg7 Rxg7 18. e4 e6 19. Ne2 Nb6 20. b3 Qa3 21. e5 a5 22. Qc3 Kc7 23. Rd3 Ra8 24. Qd2 a4 25. Rc1 axb3 26. cxb3 Rgg8 27. Rc2 Qa6 28. Nc3 Qa3 29. Nb5+ 1-0

[Event "Late-Titled-Tuesday-Blitz-January-16-2024"]
[Site "Chess.com"]
[Date "2024.01.16"]
[Round "1"]
[White "aceontheturn"]
[Black "szachmistrz2500"]
[Result "1-0"]
[WhiteElo "2758"]
[BlackElo "2425"]
[TimeControl "180+1"]
[EndTime "14:05:27 PST"]
[Termination "aceontheturn won by resignation"]

1. d4 d5 2. c4 c6 3. Nc3 Nf6 4. Nf3 a6 5. Qc2 b5 6. e4 b4 7. e5 bxc3 8. exf6 cxb2 9. Bxb2 exf6 10. Bd3 Bb4+ 11. Kd1 O-O 12. Bxh7+ Kh8 13. Bf5 c5 14. Bxc8 Qxc8 15. a3 Ba5 16. cxd5 c4 17. Bc3 Bxc3 18. Qxc3 Nd7 19. Rb1 Rb8 20. Rxb8 Qxb8 21. Re1 Qb1+ 22.
Ke2 Re8+ 23. Kf1 Rxe1+ 24. Qxe1 Qd3+ 25. Qe2 Qb1+ 26. Ne1 Nb6 27. d6 c3 28. d7 Nxd7 29. Qe8+ Kh7 30. Qxd7 c2 31. Qf5+ g6 32. Qxc2 Qb5+ 33.
Qd3 Qd5 34. Kg1 f5 35. g3 Kg7 36. Nf3 1-0

[Event "Late-Titled-Tuesday-Blitz-January-16-2024"]
[Site "Chess.com"]
[Date "2024.01.16"]
[Round "1"]
[White "Redzishchess"]
[Black "krzyzan94"]
[Result "0-1"]
[WhiteElo "2449"]
[BlackElo "2816"]
[TimeControl "180+1"]
[EndTime "14:05:28 PST"]
[Termination "krzyzan94 won on time"]

1. d4 Nf6 2. c4 d6 3. Nf3 g6 4. g3 Bg7 5. Bg2 O-O 6. O-O c6 7. Nc3 Qb6 8. b3 Qa6 9. a4 d5 10. c5 b6 11. b4 bxc5 12. bxc5 Bf5 13. Bd2 Ne4 14. e3 Nd7 15. Nh4 Nxc3 16. Bxc3 Bd3 17. Re1 Rab8 18. Bf1 Bxf1 19. Rxf1 Nxc5 20. Qc2 Qc4 21.
dxc5 Qxc3 22. Ra2 Rb4 0-1

[Event "Late-Titled-Tuesday-Blitz-January-16-2024"]
[Site "Chess.com"]
[Date "2024.01.16"]
[Round "1"]
[White "HajiyevKanan"]
[Black "Hirna2005"]
[Result "0-1"]
[WhiteElo "2575"]
[BlackElo "2258"]
[TimeControl "180+1"]
[EndTime "14:05:29 PST"]
[Termination "Hirna2005 won by resignation"]

1. d4 g6 2. Nf3 Bg7 3. b3 d6 4. Bb2 Nd7 5. e3 c5 6. Be2 Ngf6 7. O-O O-O 8. c4 b6 9. d5 a6 10. Nc3 Rb8 11. a4 Qc7 12. Qc2 e6 13. dxe6 fxe6 14.
Rfd1 Rd8 15. Ng5 Nf8 16. Nce4 Nxe4 17. Nxe4 Bb7 18. Nf6+ Kh8 19. Rd2 Qe7 20. Ne4 d5 21.
Ng3 d4 22. exd4 cxd4 23. Bd3 e5 24. Ne4 Ne6 25. g3 Nc5 26. Re1 Nxd3 27. Qxd3 Rf8 28. Rde2 Qd7 29. Ba3 Rf5 30. Nd6 Rh5 31. Nxb7 Qh3 32.
f4 Rxb7 33. fxe5 Bxe5 34. Rxe5 Qxh2+ 35. Kf1 Rf7+ 36. Rf5 Rhxf5+ 0-1

[Event "Late-Titled-Tuesday-Blitz-January-16-2024"]
[Site "Chess.com"]
[Date "2024.01.16"]
[Round "1"]
[White "jinbojinbo"]
[Black "GMCorinnaKopff"]
[Result "1-0"]
[WhiteElo "2642"]
[BlackElo "2330"]
[TimeControl "180+1"]
[EndTime "14:05:35 PST"]
[Termination "jinbojinbo won by resignation"]

1. Nf3 Nf6 2. g3 g6 3. Bg2 Bg7 4. O-O O-O 5. d3 d5 6. Nbd2 c5 7. e4 Nc6 8. Re1 b6 9. Qe2 Bb7 10. e5 Ng4 11. e6 f5 12. c3 Ba6 13. Nf1 Nge5 14. Nxe5 Nxe5 15. Rd1 Rc8 16. Bf4 Nc6 17.
Qf3 d4 18. c4 Bb7 19. Qe2 Ba8 20. h4 Qe8 21. Nh2 Nb4 22. Nf3 Qa4 23. b3 Qa6 24. a3 Nc6 25. h5 Na5 26. b4 Nb7 27. Nh4 Rf6 28. Bg5 Nd8 29. Bxf6 Bxf6 30. b5 Qa4 31. Bxa8 Rxa8 32. hxg6 hxg6 33. Nxg6 Kg7 34. Nf4 Qb3 35.
Qh5 1-0

[Event "Late-Titled-Tuesday-Blitz-January-16-2024"]
[Site "Chess.com"]
[Date "2024.01.16"]
[Round "1"]
[White "aa175"]
[Black "FredddieCroderg"]
[Result "1-0"]
[WhiteElo "2676"]
[BlackElo "2353"]
[TimeControl "180+1"]
[EndTime "14:05:38 PST"]
[Termination "aa175 won by resignation"]

1. d4 d5 2. Bf4 e6 3. e3 Bd6 4.
Qg4 Kf8 5. Qd1 Nf6 6. Nf3 c5 7.
c3 Nc6 8. Bg3 Bxg3 9. hxg3 Qd6 10. Nbd2 e5 11. dxe5 Nxe5 12. Nxe5 Qxe5 13. Nf3 Qc7 14.
Qa4 Bd7 15. Qh4 Re8 16. Bd3 h6 17. O-O-O b5 18. Bc2 Be6 19. Ng5 Bg4 20. Rd2 b4 21. cxb4 cxb4 22. Kb1 a5 23. Nh7+ Rxh7 24. Bxh7 g6 25.
Qxf6 Bf5+ 26. Ka1 Rc8 27. Rdd1 a4 28. g4 Be4 29. f3 Bd3 30. Qh8+ Ke7 31. Qd4 Bc4 32.
Bxg6 fxg6 33. Rxh6 Qc5 34. Qe5+ Kd7 35. Rxg6 Bxa2 36. Qg7+ 1-0

[Event "Late-Titled-Tuesday-Blitz-January-16-2024"]
[Site "Chess.com"]
[Date "2024.01.16"]
[Round "1"]
[White "momotaro77"]
[Black "TheCount"]
[Result "1-0"]
[WhiteElo "2366"]
[BlackElo "2611"]
[TimeControl "180+1"]
[EndTime "14:05:38 PST"]
[Termination "momotaro77 won by checkmate"]

1. e4 c5 2. Nf3 Nc6 3. d4 cxd4 4.
Nxd4 Qb6 5. Nb3 Nf6 6. Nc3 e6 7. a3 Qc7 8. g4 d5 9. exd5 Nxd5 10. Nxd5 exd5 11. Qxd5 Bxg4 12. Qe4+ Qe5 13. Bg2 O-O-O 14.
O-O Bf5 15. Qxe5 Nxe5 16. Bf4 Nc4 17. c3 Bd6 18. Bxd6 Rxd6 19. Nd4 Bg4 20. Rfe1 Rhd8 21. Re7 R6d7 22. Rae1 a6 23. h3 Bh5 24. Nb3 b6 25. Nd4 Rxe7 26. Rxe7 Rd7 27. Re8+ Kc7 28. Ra8 Nxb2 29.
Rxa6 Nc4 30. Ra8 Bg6 31. Nb5# 1-0

[Event "Late-Titled-Tuesday-Blitz-January-16-2024"]
[Site "Chess.com"]
[Date "2024.01.16"]
[Round "1"]
[White "vugarrasulov"]
[Black "texie1"]
[Result "1-0"]
[WhiteElo "2967"]
[BlackElo "2509"]
[TimeControl "180+1"]
[EndTime "14:05:39 PST"]
[Termination "vugarrasulov won by checkmate"]

1. d4 Nf6 2. c4 e6 3. Nf3 d5 4. g3 c6 5. Bg2 Nbd7 6. Qc2 Be7 7.
O-O O-O 8. Nbd2 b6 9. e4 Bb7 10. Re1 dxe4 11. Nxe4 c5 12. Nxf6+ Nxf6 13. dxc5 Bxc5 14.
Bg5 h6 15. Rad1 Qe7 16. Bd2 Rac8 17. h3 Rfd8 18. Bc3 Rxd1 19. Rxd1 Rd8 20. Re1 Ne8 21. a3 a5 22. Qe2 Qc7 23. Ne5 Bxg2 24. Kxg2 Qb7+ 25. Qf3 Qxf3+ 26. Kxf3 Nf6 27. b4 axb4 28. axb4 Bf8 29. b5 Bc5 30. Re2 Rd1 31. Rd2 Rxd2 32. Bxd2 Kf8 33. Be3 Bxe3 34. Kxe3 Ke7 35. Kd4 Nd7 36.
Nxd7 Kxd7 37. c5 bxc5+ 38. Kxc5 Kc7 39. b6+ Kb7 40. Kb5 h5 41. h4 f6 42. Kc5 g5 43.
Kd6 e5 44. Ke6 Kxb6 45. Kxf6 gxh4 46. gxh4 e4 47. Ke5 Kc5 48. Kxe4 Kd6 49. Kf5 Ke7 50. Kg6 Kf8 51. Kxh5 Kf7 52. Kg5 Kg7 53. f4 Kh7 54. f5 Kg7 55. f6+ Kf7 56. h5 Kf8 57. Kg6 Kg8 58. f7+ Kh8 59. f8=R# 1-0

[Event "Late-Titled-Tuesday-Blitz-January-16-2024"]
[Site "Chess.com"]
[Date "2024.01.16"]
[Round "1"]
[White "carloseduar100"]
[Black "TangerineandLemon25"]
[Result "1-0"]
[WhiteElo "2285"]
[BlackElo "2604"]
[TimeControl "180+1"]
[EndTime "14:05:39 PST"]
[Termination "carloseduar100 won by resignation"]

1. g3 g6 2. Bg2 Bg7 3. Nf3 Nf6 4. O-O O-O 5. d4 d5 6. c3 c5 7. Nbd2 Nc6 8. Re1 Qc7 9. dxc5 e5 10. b4 a5 11. b5 Nd8 12. a4 Ne6 13. e4 Nxc5 14. exd5 Nxd5 15. Qc2 Ne6 16. Ba3 Rd8 17. c4 Nb4 18.
Bxb4 axb4 19. Rab1 Nc5 20. Rxb4 Nd3 21. Rbb1 Nxe1 22.
Rxe1 Bf5 23. Qb3 Rd3 24. Qb4 Bf8 25. Qb2 f6 26. Bf1 Rdd8 27. Qa2 Bc5 28. Ne4 Bxe4 29. Rxe4 Rd1 30. Kg2 Qd7 31. Re2 b6 32. Rd2 Rxd2 33.
Nxd2 Rd8 34. Ne4 Qb7 35. f3 Be7 36. a5 bxa5 37. c5+ Kg7 38. c6 Qxb5 39. Bxb5 1-0

[Event "Late-Titled-Tuesday-Blitz-January-16-2024"]
[Site "Chess.com"]
[Date "2024.01.16"]
[Round "1"]
[White "chucksterf10"]
[Black "Sacbutt"]
[Result "0-1"]
[WhiteElo "2630"]
[BlackElo "2354"]
[TimeControl "180+1"]
[EndTime "14:05:40 PST"]
[Termination "Sacbutt won by resignation"]

1. c4 Nf6 2. Nc3 e6 3. g3 d5 4. d4 Be7 5. Nf3 O-O 6. Bg2 Nbd7 7. O-O b6 8. cxd5 exd5 9. Bf4 c6 10. Rc1 Bb7 11.
Ne5 Nxe5 12. dxe5 Ne8 13. h4 Nc7 14. e3 Ne6 15. Qh5 g6 16. Qe2 Kg7 17. Rfd1 Qe8 18. h5 g5 19. Qg4 Kh8 20. h6 gxf4 21. exf4 Rg8 22. Qf5 Rg6 23. Qh5 Qf8 24. f5 Rxh6 25. Qg4 Nd8 26. Qf4 f6 27. Re1 fxe5 28. Qxe5+ Bf6 29. Qc7 Rc8 30. Qf4 Rh5 31. g4 Rg5 32.
Ne2 Rg8 33. Nd4 Qg7 34. Ne6 Nxe6 35. fxe6 Bg5 36. Qf7 Bxc1 37. Rd1 Qxf7 38. exf7 Rgf8 39. Rxc1 Rxf7 40. b4 c5 41. b5 c4 42. Kf1 d4 43.
Ke2 Bxg2 0-1

[Event "Late-Titled-Tuesday-Blitz-January-16-2024"]
[Site "Chess.com"]
[Date "2024.01.16"]
[Round "1"]
[White "Bkmzzzzz"]
[Black "Rutricks"]
[Result "0-1"]
[WhiteElo "2402"]
[BlackElo "2727"]
[TimeControl "180+1"]
[EndTime "14:05:41 PST"]
[Termination "Rutricks won by resignation"]

1. e4 g6 2. d4 Bg7 3. Nc3 c6 4. Nf3 d5 5. e5 f6 6. Bf4 Bg4 7. Be2 Bxf3 8. Bxf3 fxe5 9. Bxe5 Bxe5 10. dxe5 Nd7 11.
Qe2 Qc7 12. Bg4 Nxe5 13. O-O-O Nxg4 14. Qxg4 Nf6 15. Qa4 O-O 16. h4 b5 17. Qd4 Qb6 18. Qe5 Qxf2 19. Qxe7 d4 20. Rd2 Qe3 21. Qc5 b4 22.
Nd1 Qxd2+ 23. Kxd2 Ne4+ 24. Kd3 Nxc5+ 0-1

[Event "Late-Titled-Tuesday-Blitz-January-16-2024"]
[Site "Chess.com"]
[Date "2024.01.16"]
[Round "1"]
[White "DonJuanEGenaro"]
[Black "username0932589"]
[Result "0-1"]
[WhiteElo "1912"]
[BlackElo "2532"]
[TimeControl "180+1"]
[EndTime "14:05:41 PST"]
[Termination "username0932589 won by resignation"]

1. d4 Nf6 2. Nf3 e6 3. g3 Be7 4.
Bg2 O-O 5. O-O d5 6. c4 dxc4 7. Ne5 Nbd7 8. Nxc4 Nb6 9. b3 Nxc4 10. bxc4 c5 11. Bb2 cxd4 12. Qxd4 Qc7 13. Nc3 a6 14. Rfd1 Bc5 15. Qh4 Bxf2+ 16. Kxf2 Qb6+ 17. Qd4 Qxb2 18. Nd5 Qxd4+ 19. Rxd4 exd5 20. cxd5 Bd7 21. a4 Rac8 22. Ra2 Ng4+ 23. Rxg4 Bxg4 24. e4 Rc4 25. Ke3 Rfc8 26. h3 Bd7 27. Rb2 b5 0-1

[Event "Late-Titled-Tuesday-Blitz-January-16-2024"]
[Site "Chess.com"]
[Date "2024.01.16"]
[Round "1"]
[White "Antipov_Mikhail_Al"]
[Black "Dare-Dare"]
[Result "1-0"]
[WhiteElo "2924"]
[BlackElo "2497"]
[TimeControl "180+1"]
[EndTime "14:05:43 PST"]
[Termination "Antipov_Mikhail_Al won by resignation"]

1. e4 e6 2. d4 d5 3. Nd2 Nf6 4. e5 Nfd7 5. Bd3 c5 6. c3 Nc6 7. Ngf3 cxd4 8. cxd4 f6 9. exf6 Qxf6 10. O-O Bd6 11.
Nb3 O-O 12. Bg5 Qf7 13. Bh4 h6 14. Re1 Nf6 15. Bg3 Bxg3 16. hxg3 Ne8 17. Bb5 Ne7 18. Qd2 Nd6 19. Bd3 Nc6 20. Na5 Ne7 21. Rac1 b6 22.
Ne5 Qf6 23. Nac6 Nxc6 24. Rxc6 Ne4 25. Bxe4 dxe4 26. Rxe4 Bb7 27. Rf4 1-0

[Event "Late-Titled-Tuesday-Blitz-January-16-2024"]
[Site "Chess.com"]
[Date "2024.01.16"]
[Round "1"]
[White "tactic"]
[Black "protectiago"]
[Result "1-0"]
[WhiteElo "2545"]
[BlackElo "2033"]
[TimeControl "180+1"]
[EndTime "14:05:43 PST"]
[Termination "tactic won on time"]

1. d4 Nf6 2. c4 g6 3. g3 Bg7 4. Bg2 O-O 5. e3 d5 6. cxd5 Nxd5 7. Nc3 c6 8. Nge2 Bg4 9. O-O Nxc3 10. bxc3 Na6 11.
h3 Be6 12. Qd3 Rb8 13. Nf4 Bc8 14. Rb1 e5 15. Ne2 Nc5 16. Qc4 Ne6 17. Bxc6 exd4 18. cxd4 Ng5 19. h4 Bf5 20. Rxb7 Rc8 21. hxg5 Be4 22. d5 Bf3 23. Ba3 Re8 24. Qf4 Re5 25.
Qxf7+ 1-0

[Event "Late-Titled-Tuesday-Blitz-January-16-2024"]
[Site "Chess.com"]
[Date "2024.01.16"]
[Round "1"]
[White "katharinareinecke"]
[Black "Pitomina-inactive"]
[Result "0-1"]
[WhiteElo "2037"]
[BlackElo "2545"]
[TimeControl "180+1"]
[EndTime "14:05:49 PST"]
[Termination "Pitomina-inactive won by resignation"]

1. d4 Nf6 2. c4 e5 3. dxe5 Ne4 4.
Nf3 Bb4+ 5. Bd2 Nxd2 6. Nbxd2 Nc6 7. a3 Bxd2+ 8. Qxd2 Qe7 9. Qd5 b6 10. e3 Bb7 11.
Be2 O-O-O 12. Qb5 Rhe8 13. O-O Nxe5 14. Nxe5 Qxe5 15. Qxe5 Rxe5 16. b4 d6 17. Rfd1 f5 18. Rd4 g5 19. g3 Rde8 20. Bf1 a5 21. Bg2 h5 22. Bxb7+ Kxb7 23. Kg2 Ra8 24. b5 Rae8 25. Rad1 Rc5 26. a4 Kc8 27. Rd5 Re5 28. Rxe5 dxe5 29.
Rd5 Rxd5 30. cxd5 e4 31. f3 Kd7 32. h4 g4 33. fxe4 fxe4 34. Kf2 Kd6 35. Ke2 Kxd5 36. Kd2 Kc4 37. Kc2 Kb4 38. Kb2 Kxa4 39. Kc3 Kxb5 40.
Kd4 a4 41. Kxe4 a3 42. Kf4 a2 43. e4 a1=Q 44. e5 Kc6 45. e6 Kd6 46. e7 Kxe7 0-1

[Event "Late-Titled-Tuesday-Blitz-January-16-2024"]
[Site "Chess.com"]
[Date "2024.01.16"]
[Round "1"]
[White "reevecanada"]
[Black "pirulillo"]
[Result "1-0"]
[WhiteElo "2621"]
[BlackElo "2276"]
[TimeControl "180+1"]
[EndTime "14:05:54 PST"]
[Termination "reevecanada won by checkmate"]

1. d4 Nf6 2. Nc3 d5 3. Bf4 g6 4. e3 Bg7 5. Qd2 O-O 6. O-O-O c5 7. f3 Nc6 8. dxc5 e5 9. Bg5 d4 10. exd4 exd4 11. Ne4 Bf5 12. Nd6 Qd7 13. Bb5 Be6 14.
Ne2 Nd5 15. Bh6 Bxh6 16. Qxh6 Qc7 17. h4 Nce7 18. h5 Nf5 19. Nxf5 Bxf5 20. hxg6 Bxg6 21. Bd3 Rad8 22. Nxd4 Nf6 23. Bxg6 fxg6 24. Ne6 Rxd1+ 25. Rxd1 Qe5 26. Qxf8# 1-0

[Event "Late-Titled-Tuesday-Blitz-January-16-2024"]
[Site "Chess.com"]
[Date "2024.01.16"]
[Round "1"]
[White "MajorCoast"]
[Black "ozates"]
[Result "1-0"]
[WhiteElo "2227"]
[BlackElo "2567"]
[TimeControl "180+1"]
[EndTime "14:05:55 PST"]
[Termination "MajorCoast won by resignation"]

1. d4 Nf6 2. Nf3 g6 3. Bg5 Bg7 4. c3 O-O 5. Nbd2 d5 6. e3 a5 7. h3 c6 8. a4 Nbd7 9. Bd3 Qc7 10. Bf4 Qd8 11. O-O Re8 12. e4 dxe4 13. Nxe4 Nxe4 14. Bxe4 Nf6 15. Bd3 Be6 16. Ng5 Bd5 17. c4 h6 18.
cxd5 hxg5 19. Bxg5 Qxd5 20. Be3 Rad8 21. Rc1 e5 22. Bc4 Qe4 23. Qb3 Nd5 24. dxe5 Re7 25. Bg5 Qxe5 26. Bxe7 Qxe7 27. Rcd1 Qb4 28. Bxd5 Rxd5 29.
Qxb4 axb4 30. Rxd5 cxd5 31. b3 Bc3 32. Rd1 d4 33.
Rd3 f5 34. Kf1 Kf7 35. Ke2 Ke6 36. Rd1 Kd5 37. Kd3 g5 38. f3 Ke5 39. Rc1 Kf4 40. Rc2 Kg3 41. Re2 f4 42. Re5 Kxg2 43. Rxg5+ Kxf3 44.
h4 Kf2 45. h5 f3 46. h6 Ke1 47.
h7 f2 48. Rf5 1-0

[Event "Late-Titled-Tuesday-Blitz-January-16-2024"]
[Site "Chess.com"]
[Date "2024.01.16"]
[Round "1"]
[White "frederiksvane"]
[Black "Actuary44"]
[Result "1-0"]
[WhiteElo "2908"]
[BlackElo "2491"]
[TimeControl "180+1"]
[EndTime "14:05:56 PST"]
[Termination "frederiksvane won on time"]

1. c4 d6 2. Nc3 e5 3. Nf3 f5 4.
d4 e4 5. Ng1 g6 6. Bf4 Bg7 7.
e3 Nf6 8. Be2 O-O 9. h4 h6 10.
Nh3 Nc6 11. Bg3 Ne7 12. b4 c6 13. a4 Be6 14. O-O Nh7 15. c5 d5 16. b5 g5 17. a5 f4 18. exf4 Bxh3 19. fxg5 Be6 20. a6 bxa6 21. gxh6 Bxh6 22. Rxa6 Bc8 23. Ra3 Nf5 24.
Be5 Qxh4 25. bxc6 Be6 26. Nb5 e3 27. Nc7 exf2+ 28. Rxf2 Be3 29. Rxe3 Nxe3 30. Qe1 Qh6 31. Nxa8 Rxa8 32. Bf4 Nc2 33. Qc3 Qg6 34. Bd3 Bf5 35.
Bxf5 Qxf5 36. Qxc2 Qxc2 37. Rxc2 Rc8 38. c7 Nf8 39.
Rb2 Ne6 40. Rb8 1-0

[Event "Late-Titled-Tuesday-Blitz-January-16-2024"]
[Site "Chess.com"]
[Date "2024.01.16"]
[Round "1"]
[White "eCztery"]
[Black "chika-lily"]
[Result "0-1"]
[WhiteElo "2433"]
[BlackElo "2770"]
[TimeControl "180+1"]
[EndTime "14:05:58 PST"]
[Termination "chika-lily won by checkmate"]

1. e4 c5 2. Nf3 d6 3. d4 cxd4 4. Qxd4 Nc6 5. Bb5 Bd7 6. Bxc6 Bxc6 7. Nc3 Nf6 8. Bg5 e6 9. O-O-O Be7 10. Rhe1 Qa5 11.
Kb1 h6 12. Bh4 O-O 13. g4 b5 14. g5 hxg5 15. Bxg5 b4 16. Rg1 e5 17. Bxf6 exd4 18.
Rxg7+ Kh8 19. Bxd4 f6 20. Rxe7 bxc3 21. Bxc3 Qh5 22.
Nd4 Qxd1# 0-1

[Event "Late-Titled-Tuesday-Blitz-January-16-2024"]
[Site "Chess.com"]
[Date "2024.01.16"]
[Round "1"]
[White "GMAkobianSTL"]
[Black "RianKapriaga"]
[Result "1-0"]
[WhiteElo "2699"]
[BlackElo "2378"]
[TimeControl "180+1"]
[EndTime "14:05:58 PST"]
[Termination "GMAkobianSTL won on time"]

1. d4 Nf6 2. c4 e6 3. Nf3 d5 4. cxd5 exd5 5. Nc3 Be7 6. Bg5 h6 7. Bh4 O-O 8. e3 c6 9. Bd3 Re8 10. Qc2 Ne4 11. Bxe7 Qxe7 12. O-O Bf5 13. Rab1 a5 14. Bxe4 dxe4 15. Ne5 f6 16. Nc4 Nd7 17. Rfc1 Kh8 18. a3 Bg6 19. b4 axb4 20. axb4 f5 21. b5 Qg5 22. bxc6 bxc6 23. Rb7 Nf6 24. Ne5 Bh5 25. Ne2 Rxe5 26. dxe5 Bf3 27. Ng3 Ng4 28. gxf3 Nxh2 29. Kxh2 Qh4+ 30. Kg1 Ra2 31. Qxa2 1-0